 Dungeon Crawl Stone Soup version 0.27.0-1-g7a089689b8 (webtiles) character file.

Game seed: 16348004464569114636

75 Acheron the Shield-Bearer (level 4, -2/35 HPs)
             Began as a Djinni Fighter on Aug 5, 2021.
             Killed by divine providence
             ... invoked by an orc priest
              (11 damage)
             ... on level 3 of the Dungeon.
             The game lasted 00:05:18 (1969 turns).

Acheron the Shield-Bearer (Djinni Fighter)          Turns: 1969, Time: 00:05:19

Health: -2/35      AC:  8    Str: 15    XL:     4   Next: 55%
Gold:   129        EV:  7    Int: 11    God:
                   SH:  9    Dex: 12

rFire    + + .     SeeInvis .   a - +0 long sword
rCold    x . .     Faith    .   c - +0 kite shield
rNeg     . . .     Spirit   .   b - +0 scale mail
rPois    ∞         Reflect  .   l - +0 helmet
rElec    .         Harm     .   (no cloak)
rCorr    .         Rampage  .   (no gloves)
Will     .....                  (boots unavailable)
Stlth    ..........             (no amulet)
HPRegen  0.11/turn              (no ring)
MPRegen  0.00/turn              (no ring)

@: flying
A: sickness immunity, fire resistance 2, cold vulnerability 1, float, innate
caster, hp casting, extra vitality 1
a: no special abilities


You were on level 3 of the Dungeon.
You visited 1 branch of the dungeon, and saw 3 of its levels.

You collected 129 gold pieces.

Inventory:

Hand Weapons
 a - a +0 long sword (weapon)
 h - a +0 short sword of draining
Missiles
 k - 3 curare-tipped darts (quivered)
Armour
 b - a +0 scale mail (worn)
 c - a +0 kite shield (worn)
 l - a +0 helmet (worn)
Scrolls
 g - a scroll of blinking {unknown}
 m - a scroll of silence
Potions
 d - a potion of might
 e - 2 potions of heal wounds
 f - a potion of brilliance
 i - 2 potions of curing {unknown}
 j - a potion of haste {unknown}
 n - a potion of cancellation
 o - a potion of lignification {unknown}
 p - a potion of attraction {unknown}


   Skills:
 * Level 3.1 Fighting
 * Level 2.4 Long Blades
 + Level 3.2 Armour
 * Level 1.2 Dodging
 * Level 0.8 Stealth
 * Level 3.4 Shields
 * Level 0.6 Spellcasting


You had 3 spell levels left.
You knew the following spells:

 Your Spells              Type           Power      Damage    Failure   Level
a - Sting                 Tmut/Pois      4%         1d3       99%         1
Your spell library was empty.

Dungeon Overview and Level Annotations

Branches:
Dungeon (3/15)

Altars:


Innate Abilities, Weirdness & Mutations

You are immune to sickness and miasma.
You are immune to poison.
Your flesh is very heat resistant. (rF++)
You are vulnerable to cold. (rC-)
You float through the air rather than walking.
You learn spells naturally, not from books.
Your magical power is your life essence.
You have superior vitality. (+4 HP)


Message History

You kill the orc!
Things that are here:
a +0 hand axe; an orc corpse
Things that are here:
a +1 dagger of venom; a +0 leather armour; a +0 club You closely miss the orc priest.
You block the orc priest's attack.
You barely miss the orc priest. The orc priest barely misses you. x2
You riposte.
You barely miss the orc priest. You hit the orc priest.
The orc priest is moderately wounded.
The orc priest hits you but does no damage.
Your shield and scale mail prevent you from hitting the orc priest.
The orc priest is moderately wounded.
The orc priest looks braver for a moment.
The orc priest looks encouraged for a moment.
You hit the orc priest.
The orc priest is moderately wounded.
The orc priest hits you with a +0 flail.
You hit the orc priest but do no damage.
The orc priest is moderately wounded.
The orc priest closely misses you.
The orc priest mumbles some strange prayers to Beogh against you.
Beogh smites you!
You hit the orc priest but do no damage.
The orc priest is moderately wounded.
You block the orc priest's attack.
You closely miss the orc priest.
The orc priest is moderately wounded.
The orc priest hits you with a +0 flail.
The orc priest barely misses you.
You closely miss the orc priest.
The orc priest is moderately wounded.
The orc priest hits you with a +0 flail.
* * * LOW HITPOINT WARNING * * *
You barely miss the orc priest.
The orc priest is moderately wounded.
You block the orc priest's attack.
The orc priest calls down the wrath of Beogh upon you.
Beogh smites you!
You die...

.......# ......#
.....# ....# ###
...# ###########..
#..# #..[......#..
#..# ###............
#..###..............
#.)@o........#.....#
#.####.###.##.###.#.
#.[o.#.##.##.⌠.###.⌠
####.#.#.####.#.###.
#...#.###.#.#.#
#(.#.⌠.###.♣.##
#...#.#.###.#.#
#...####.###[#.
##...##.8.###.⌠


You could see an orc priest.

Vanquished Creatures
  A gnoll (D:1)
  An adder (D:3)
  2 dart slugs
  4 orcs (D:3)
  5 ball pythons
  3 bats
  5 endoplasms
  4 goblins
  3 hobgoblins
  3 quokkas
  2 frilled lizards
  6 kobolds
  5 rats
44 creatures vanquished.

Notes
Turn   | Place    | Note
-------+----------+-------------------------------------------
     0 | D:1      | Acheron the Djinni Fighter began the quest for the Orb.
     0 | D:1      | Reached XP level 1. HP: 20/20 MP: 0/0
   138 | D:1      | Reached XP level 2. HP: 25/25 MP: 0/0
   375 | D:1      | Reached XP level 3. HP: 30/30 MP: 0/0
   375 | D:1      | Learned a level 1 spell: Sting
   492 | D:1      | Found a faded altar of an unknown god.
   705 | D:1      | Reached skill level 1 in Dodging
  1581 | D:2      | Reached XP level 4. HP: 33/35 MP: 0/0
  1969 | D:3      | Killed from afar by an orc priest

Illustrated notes

Levels and vault maps discovered:
D:1:      beargit_arrival_greenhouse, layout_loops_corners,
          ebering_ecumenical_altar_webs
D:2:      layout_rooms
D:3:      layout_basic, grunt_decor_mini_mirrors, serial_park_tiny_pond,
          uniq_jessica

Skill      XL: |  1  2  3 |
---------------+----------+-----
Long Blades    | 2 |  2.4
Dodging        | 1 |  1.2
Fighting       | |  3.1
Armour         | |  3.2
Stealth        | |  0.8
Shields        | |  3.4
Spellcasting   | |  0.6

Action                   |  1- 3 |  4- 6 || total
-------------------------+-------+-------++-------
Melee: Long sword        |    82 |    38 ||   120
  Use: Scroll            |     3 |     2 ||     5
Armor: Scale mail        |    39 |    20 ||    59
Dodge: Dodged            |    22 |    13 ||    35
Block: Kite shield       |    43 |    20 ||    63
       Rpst.: Long sword |     9 |     6 ||    15
